Map: Disco Bloodbath LE

Players

Machete - Winner!

  • Race: Terran Terran
  • League: Platinum
  • Spawn Location: 9:00

pHARM

  • Race: Zerg Zerg
  • League: Platinum
  • Spawn Location: 3:00

VOD

Have the link to the VOD?

Description

Time

  • Played on: Aug. 20, 2019, 8:50 p.m.
  • Length: 18:01
Show
View Real Time Build Order
Export as new Build Order

Machete Terran - Winner!

Build Orders: Banshee Rush 

Get SALT Encoding   

  12  0:01  SCV  
  13  0:13  SCV  
  14  0:17  Supply Depot  
  14  0:28  SCV  
  15  0:35  Refinery  
  15  0:40  SCV  
  16  0:48  Barracks  
  16  0:52  SCV  
  17  1:04  SCV  
  18  1:16  SCV  
  19  1:29  SCV  
  20  1:37  Reaper  
  21  1:40  Command Center  
  21  1:45  Orbital Command  
  21  1:56  Factory  
  21  2:02  Refinery  
  21  2:10  Supply Depot  
  21  2:20  SCV  
  21  2:21  Barracks Reactor  
  22  2:32  SCV  
  23  2:44  SCV  
  23  2:49  Starport  
  24  2:56  SCV  
  25  3:01  Orbital Command  
  25  3:06  Supply Depot  
  25  3:10  SCV  
  26  3:14  Hellion x2  
  30  3:23  SCV  
  31  3:29  SCV  
  31  3:30  Starport Tech Lab  
  31  3:32  Barracks Tech Lab  
  32  3:37  SCV  
  33  3:42  SCV  
  33  3:43  Hellion x2  
  33  3:47  Supply Depot  
  38  3:54  Viking  
  40  3:55  Cloaking Field  
  40  3:59  Fusion Core  
  40  4:04  SCV x2  
  40  4:06  Refinery  
  42  4:23  SCV  
  42  4:24  SCV  
  44  4:29  Hellion x2  
  48  4:35  SCV  
  48  4:36  Command Center  
  36  5:36  Battlecruiser  
  36  5:37  Marine  
  36  5:38  Stimpack  
  36  5:39  Hellion x2  
  45  5:45  Supply Depot  
  45  5:48  SCV, Supply Depot x2  
  47  5:50  SCV  
  47  5:53  Orbital Command  
  47  5:56  Marine  
  48  6:00  SCV  
  48  6:02  Bunker, SCV  
  50  6:06  Widow Mine x2  
  54  6:12  SCV  
  54  6:14  SCV  
  54  6:16  Barracks  
  54  6:17  Barracks  
  56  6:18  SCV  
  56  6:24  SCV  
  58  6:40  Battlecruiser  
  64  7:13  Barracks Reactor  
  64  7:14  Marine, Barracks Reactor  
  65  7:32  Marine  
  66  7:49  Marine  
  66  7:50  Marine x2, Marauder  
  71  7:56  Engineering Bay  
  71  8:00  Engineering Bay  
  71  8:02  Starport Reactor, Widow Mine x2  
  75  8:08  Barracks  
  71  8:34  SCV x2  
  71  8:37  Marine x2, Marauder  
  71  8:39  Refinery  
  70  8:59  Marine x4, Marauder  
  70  9:00  Marauder  
  70  9:01  Widow Mine  
  70  9:02  Medivac x2, Widow Mine  
  86  9:12  Terran Infantry Weapons Level 1  
  86  9:13  Terran Infantry Armor Level 1  
  86  9:15  Concussive Shells  
  86  9:16  Combat Shield  
  86  9:17  Marine x2  
  86  9:20  Supply Depot  
  86  9:21  Supply Depot, Marauder  
  90  9:34  Orbital Command  
  90  9:44  Marine  
  90  9:45  Marine x3, Marauder x2  
  97  9:47  Medivac  
  97  9:48  Medivac  
  97  9:50  Armory  
  102  10:03  Supply Depot  
  102  10:06  Marauder  
  104  10:07  Barracks  
  104  10:15  SCV x2  
  104  10:16  SCV  
  107  10:26  Supply Depot  
  107  10:27  SCV x2  
  107  10:28  SCV  
  110  10:29  Marine x2, Marauder  
  110  10:31  Factory Tech Lab  
  110  10:32  Medivac  
  116  10:36  Supply Depot  
  116  10:37  Supply Depot  
  116  10:39  SCV  
  117  10:44  Marine x2, Marauder  
  120  11:03  Marine x3, Marauder  
  120  11:04  Marine  
  125  11:05  Siege Tank, Medivac x2  
  125  11:06  Marauder, Refinery  
  135  11:13  Refinery  
  135  11:18  Supply Depot x2  
  135  11:19  Supply Depot  
  135  11:21  Marine  
  135  11:25  Marauder  
  138  11:27  Marauder  
  140  11:35  Medivac x2  
  140  11:37  Siege Tank  
  103  12:28  Marine x3, Marauder  
  103  12:29  Marine, Siege Tank, Marauder  
  112  12:30  Medivac x2  
  116  12:46  Marine  
  116  12:50  Marauder x2  
  121  12:52  Marine x2  
  123  13:00  Medivac x2  
  127  13:11  Marauder x2  
  131  13:30  Medivac  
  101  13:54  Marine x2  
  101  13:55  Marine x2, Marauder x2  
  109  13:56  Siege Tank  
  112  14:12  Marine x2  
  112  14:13  Marine x2  
  108  14:28  Siege Tank  
  106  14:38  SCV x3  
  101  14:49  Marine x3, Marauder  
  101  14:50  SCV x3, Medivac x2  
  101  14:51  Terran Infantry Armor Level 2, Terran Infantry Weapons Level 2  
  113  14:57  Command Center  
  113  15:01  Siege Tank  
  113  15:02  SCV x3  
  120  15:14  SCV x2  
  120  15:20  Marine x2, SCV  
  120  15:21  Marine x2, Marauder x2  
  130  15:24  Marine x2  
  130  15:26  Medivac x2  
  136  15:33  Siege Tank  
  139  15:38  Marine x3  
  139  15:39  Marine  
  139  15:42  Marine x2, Marauder  
  149  15:43  Marauder  
  149  15:56  Marine x2, Medivac x2  
  155  16:00  Supply Depot  
  155  16:05  Siege Tank  
  155  16:11  Command Center  
  158  16:20  Bunker  
  146  16:37  Siege Tank  
  136  16:47  Marine  
  136  16:48  Marine x5, Marauder x2  
  136  16:49  Medivac  
  136  16:50  Medivac  
  150  17:05  Marine x2  
  152  17:09  Siege Tank, Marauder  
  152  17:10  Marauder  
  144  17:19  Medivac  
  144  17:20  Medivac  
  136  17:23  Marine  
  136  17:24  Marine x4  
  141  17:31  Marauder x2  
  144  17:40  Marine  
  144  17:41  Marine x2  
  144  17:42  Marine x3  
Show
View Real Time Build Order
Export as new Build Order

pHARM Zerg 

Build Orders: Hatch First 

Get SALT Encoding   

  12  0:01  Drone  
  13  0:19  Drone  
  13  0:20  Overlord  
  14  0:40  Drone x2  
  16  0:51  Hatchery  
  16  0:55  Drone  
  16  0:57  Drone  
  17  1:04  Drone  
  18  1:19  Spawning Pool  
  18  1:25  Drone  
  18  1:26  Drone  
  19  1:40  Drone  
  20  1:48  Extractor  
  19  1:56  Drone  
  19  1:58  Overlord  
  20  2:08  Queen x2  
  20  2:10  Zergling x4  
  26  2:20  Drone x2  
  28  2:35  Drone x2  
  30  2:45  Drone x2  
  32  2:58  Lair  
  32  3:03  Drone x4  
  36  3:07  Overlord  
  35  3:34  Hatchery  
  34  3:39  Drone  
  34  3:40  Drone x6  
  41  3:44  Overlord x2  
  41  3:48  Extractor  
  40  3:49  Extractor  
  40  3:51  Baneling Nest  
  40  3:55  Evolution Chamber  
  37  3:56  Drone x2  
  37  3:58  Evolution Chamber  
  38  4:06  Metabolic Boost  
  38  4:20  Zergling x2  
  38  4:21  Zergling x14  
  42  4:56  Queen x2  
  42  4:58  Zerg Melee Weapons Level 1  
  44  5:14  Zergling x2  
  44  5:15  Zergling x24  
  44  5:17  Baneling x2  
  50  5:51  Overlord  
  50  5:52  Overlord x3  
  50  5:53  Hydralisk Den  
  50  5:57  Drone  
  50  6:04  Hatchery  
  50  6:05  Drone  
  50  6:07  Centrifical Hooks  
  50  6:23  Grooved Spines  
  50  6:29  Drone x13  
  63  6:37  Zerg Ground Armor Level 1  
  58  7:05  Spore Crawler  
  55  7:21  Spore Crawler  
  54  7:25  Spore Crawler x2  
  46  7:44  Hydralisk x6  
  55  7:54  Hydralisk  
  55  7:55  Hydralisk  
  59  7:59  Zergling x2  
  59  8:00  Zergling x16  
  53  8:39  Hydralisk  
  53  8:40  Hydralisk x4  
  52  8:50  Drone x4  
  52  8:51  Queen x3  
  62  9:22  Extractor  
  61  9:37  Drone x2  
  61  9:38  Drone  
  64  9:41  Drone  
  65  9:51  Overseer, Hatchery  
  64  10:12  Drone x9  
  69  10:30  Baneling x5  
  69  10:52  Hydralisk x2  
  69  10:54  Overlord x5  
  69  10:55  Overlord  
  71  11:17  Zergling x4  
  71  11:18  Zergling x28  
  87  11:36  Zerg Melee Weapons Level 2, Zerg Ground Armor Level 2  
  87  11:39  Baneling  
  87  11:40  Baneling x9  
  87  11:42  Zergling x22  
  72  12:09  Hatchery  
  60  12:19  Zergling x22  
  60  12:20  Zergling x10  
  73  12:29  Zergling x12  
  74  12:40  Baneling x19  
  70  12:49  Hydralisk x7  
  77  13:29  Zergling x2  
  77  13:30  Zergling x24  
  81  13:45  Zergling x2  
  81  13:46  Zergling x12  
  79  13:57  Muscular Augments  
  79  13:58  Queen x4  
  67  14:33  Queen x2  
  60  14:56  Hatchery  
  59  15:02  Hydralisk x12  
  83  15:07  Extractor  
  83  15:09  Extractor  
  83  15:12  Drone  
  82  15:31  Zergling x4  
  82  15:32  Zergling x24  
  96  15:52  Baneling  
  96  15:53  Baneling x22  
  96  16:09  Infestation Pit  
  95  16:22  Zergling x2  
  95  16:23  Zergling x12  
  85  16:33  Zergling x30  
  85  16:34  Zergling x4  
  97  16:43  Baneling x14  
  93  16:50  Zergling x4  
  75  17:22  Zergling x4  
  69  17:23  Zergling x26  
  65  17:42  Baneling x10  
Tags
 
Add a new tag
Caveats
  • Supply blocks, unpowered buildings, or Contaminate may cause inaccurate times.
  • Supply counts are checked every 10 seconds.